 Dungeon Crawl Stone Soup version 0.29.1-15-g9cfb28693d (webtiles) character file.

Game seed: 15787185212823640817

18099 Ralidor the Cruncher (level 12, -1/110 HPs)
             Began as a Minotaur Berserker on Apr 14, 2023.
             Was an Elder of Trog.
             Slain by a rime drake (3 damage)
             ... on level 3 of the Lair of Beasts.
             The game lasted 00:36:09 (14360 turns).

Ralidor the Cruncher (Minotaur Berserker)          Turns: 14360, Time: 00:36:14

Health: -1/110     AC:  0    Str: 27    XL:     12   Next: 24%
Magic:  11/11      EV: 15    Int:  4    God:    Trog [****..]
Gold:   523        SH:  0    Dex: 10    Spells: 11/11 levels left

rFire   . . .      SeeInvis .   (weapon currently unavailable)
rCold   . . .      Faith    .   (shield currently unavailable)
rNeg    . . .      Spirit   .   (body armour currently unavailable)
rPois   .          Reflect  .   (helmet currently unavailable)
rElec   .          Harm     .   (cloak currently unavailable)
rCorr   .          Rampage  .   (gloves currently unavailable)
Will    .....                   (boots currently unavailable)
Stlth   ++........              (no amulet)
HPRegen 0.28/turn               (ring currently unavailable)
MPRegen 0.12/turn               (ring currently unavailable)

@: pig-form, frozen, on berserk cooldown, slowed, very slow
A: fast, no casting, small, (horns 2), (retaliatory headbutt)
a: Renounce Religion, Berserk, Trog's Hand, Brothers in Arms


You were on level 3 of the Lair of Beasts.
You worshipped Trog.
Trog was greatly pleased with you.
You were a filthy swine.
You visited 2 branches of the dungeon, and saw 11 of its levels.

You collected 568 gold pieces.
You spent 45 gold pieces at shops.

Inventory:

Hand Weapons
 b - a +0 dagger of protection
 p - a +2 quarterstaff of chaos
 K - a +0 giant spiked club
 M - a +5 battleaxe (melded)
Missiles
 D - 2 throwing nets (quivered)
Armour
 q - a +0 cloak (melded)
 A - a +0 chain mail (melded)
 B - an orb of mayhem
 N - a +0 pair of boots (melded)
 O - a +2 pair of gloves (melded)
Jewellery
 g - a +6 ring of strength (melded)
 u - a ring of poison resistance
 G - the ring "Anofibyf" {Will- MP+9 Str+9}
   (You found it on level 7 of the Dungeon)

   [ring of magical power]

   Str:       It affects your strength (+9).
   MP:        It affects your magic capacity (+9).
   Will:      It decreases your willpower.
Wands
 h - a wand of iceblast (12)
 l - a wand of mindburst (15)
 t - a wand of digging (8)
 v - a wand of polymorph (1)
 H - a wand of flame (2)
Scrolls
 c - a scroll of magic mapping {unknown}
 i - a scroll of fear
 n - 3 scrolls of amnesia
 r - 3 scrolls of teleportation
 x - a scroll of immolation {unknown}
 y - a scroll of silence {unknown}
 E - a scroll of blinking {unknown}
 F - 2 scrolls of poison
 I - a scroll of butterflies {unknown}
 P - a scroll of enchant armour {unknown}
Potions
 a - a potion of berserk rage
 d - 3 potions of curing {unknown}
 f - 4 potions of resistance {unknown}
 j - 3 potions of lignification {unknown}
 k - 4 potions of haste {unknown}
 m - a potion of ambrosia {unknown}
 o - 2 potions of attraction {unknown}
 s - 3 potions of degeneration
 w - a potion of magic {unknown}
 z - a potion of mutation {unknown}
 C - a potion of invisibility {unknown}
 J - a potion of brilliance
 L - 2 potions of might {unknown}


   Skills:
 + Level 11.1 Fighting
 + Level 11.1(11.8) Axes
 + Level 6.1(12.1) Maces & Flails
 + Level 12.1(12.7) Staves
 + Level 12.1 Armour
 + Level 5.2 Dodging
 + Level 3.0 Stealth


You had 11 spell levels left.
You didn't know any spells.
Your spell library was empty.

Dungeon Overview and Level Annotations

Branches:
Dungeon (8/15)             Temple (0/1) D:6            Lair (3/5) D:8
 Shoals (0/4) Lair:2       Spider (0/4) Lair:2

Altars:
Cheibriados
Fedhas
Gozag
Hepliaklqana
Okawaru
Qazlal
Ru
Trog
Uskayaw
Xom
Zin

Shops:
D:2 ?   D:4 =[=[   D:6 (

Annotations:
Lair:3 Kirke


Innate Abilities, Weirdness & Mutations

You are a filthy swine.
You move quickly.
Your equipment is almost entirely melded.
You are incapable of wielding weapons or throwing items.
You cannot cast spells.
((You have a pair of horns on your head.))
((You reflexively headbutt those who attack you in melee.))


Message History

Kirke is heavily wounded.
The ice encasing you melts away. Kirke hits you! The rime drake misses you.
You closely miss Kirke.
Kirke is heavily wounded.
The rime drake breathes ice at you. The flash freeze hits you!!
* * * LOW HITPOINT WARNING * * *
You are encased in ice.
The elephant tramples you.
* * * LOW HITPOINT WARNING * * *
You stumble backwards!
You feel much better. The elephant tramples you.
You stumble backwards!
Kirke casts a spell.
Nothing appears to happen.
The elephant misses you. The elephant trunk-slaps you.
The elephant attacks as you move away! The elephant tramples you!!
* * * LOW HITPOINT WARNING * * *
The elephant barely misses you.
Found a war axe.
The ice encasing you melts away.
You feel much better. The rime drake breathes ice at you.
The flash freeze hits you!
* * * LOW HITPOINT WARNING * * *
You are encased in ice.
The rime drake bites you.
* * * LOW HITPOINT WARNING * * *
Okay, then.
You hit Kirke.
Kirke is heavily wounded.
The rime drake completely misses you. The rime drake bites you!
* * * LOW HITPOINT WARNING * * *
You closely miss Kirke.
Kirke is heavily wounded.
Kirke misses you. The lindwurm breathes flames at you.
The blast of flame hits you!!
* * * LOW HITPOINT WARNING * * *
The rime drake bites you.
You die...

.. +.. ..# #.#. #.# ..##.
#.#.## ..#)..... .....
..#...... #....#.#.#.P. .##.
#.+#..#+....#
...#..#......h...P#
#...#.+####k@#kY.##
#............Y....#
##...P.#....#..#..##
#...................#
#.#..P##.#.†####.#.##
#.P....$..†...###..# #.
........†..#..#.##.## ..#
.#...###.####..###..######.###


You could see Kirke, an elephant, a lindwurm (summoned) and a rime drake.

Vanquished Creatures
  2 hydras (Lair:2)
  A two-headed ogre (D:8)
  Nergalle (Lair:3)
  12 elephants
  4 cane toads
  4 komodo dragons
  A troll (D:8)
  A jumping spider (Lair:2)
  16 yaks
  Sigmund (D:2)
  3 basilisks
  3 wyverns
  3 hogs (Lair:3)
  2 steam dragons (D:6)
  2 redbacks (Lair:2)
  An acid dragon (D:8)
  Duvessa (D:4)
  9 water moccasins
  An ice beast (D:8)
  2 sky beasts
  2 orc warriors (D:8)
  A black bear (D:8)
  2 ogres
  5 wolves
  A centaur (D:8)
  2 phantoms
  A kobold brigand (D:8)
  4 bullfrogs
  5 necrophages
  A wyvern zombie (D:7)
  4 scorpions
  5 wights (D:8)
  Dowan (D:4)
  4 killer bees (D:8)
  An electric eel (Lair:1)
  7 howler monkeys
  A bullfrog zombie (D:7)
  A centaur zombie (D:7)
  A gnoll bouda (D:7)
  3 hounds
  Crazy Yiuf (D:2)
  6 jellies
  2 iguanas
  Ijyb (D:2)
  7 hell rats (Lair:2)
  6 gnolls
  9 adders
  A white imp (D:7)
  2 ufetubi (D:6)
  3 worms (D:2)
  2 dart slugs
  6 orcs
  6 ball pythons
  6 endoplasms
  4 giant cockroaches
  11 goblins
  6 hobgoblins
  4 jackals (D:4)
  2 quokkas
  7 bats
  3 frilled lizards
  6 kobolds
  3 rats
226 creatures vanquished.

Vanquished Creatures (others)
  A bush (D:7)
  70 fungi
  73 plants
144 creatures vanquished.

Grand Total: 370 creatures vanquished

Notes
Turn   | Place    | Note
-------+----------+-------------------------------------------
     0 | D:1      | Ralidor the Minotaur Berserker began the quest for the Orb.
     0 | D:1      | Reached XP level 1. HP: 19/19 MP: 0/0
   356 | D:1      | Reached XP level 2. HP: 27/27 MP: 1/1
  1038 | D:2      | Reached XP level 3. HP: 27/33 MP: 2/2
  1339 | D:2      | Reached XP level 4. HP: 41/41 MP: 3/3
  1420 | D:2      | Noticed Sigmund
  1487 | D:2      | Killed Sigmund
  1488 | D:2      | Reached skill level 5 in Fighting
  1488 | D:2      | Reached skill level 5 in Maces & Flails
  1488 | D:2      | Reached XP level 5. HP: 36/48 MP: 4/4
  1874 | D:2      | Noticed Ijyb
  1880 | D:2      | Killed Ijyb
  2203 | D:2      | Found Qaqahitt's Magic Scroll Shoppe.
  2360 | D:2      | Found a runed translucent door.
  2361 | D:2      | Noticed Crazy Yiuf
  2613 | D:2      | Killed Crazy Yiuf
  2614 | D:2      | Reached XP level 6. HP: 24/57 MP: 5/5
  3040 | D:3      | Reached skill level 1 in Stealth
  3058 | D:3      | Reached ** piety under Trog
  3498 | D:3      | Reached skill level 1 in Staves
  3613 | D:3      | Found a shimmering altar of Xom.
  3821 | D:4      | Found Namiw's Armour Boutique.
  3828 | D:4      | Bought a +0 chain mail for 45 gold pieces
  3865 | D:4      | Found Petzuurik's Jewellery Emporium.
  3909 | D:4      | Found a snail-covered altar of Cheibriados.
  3923 | D:4      | Found a hide-covered altar of Uskayaw.
  4011 | D:4      | Found Atwex's Armour Shop.
  4031 | D:4      | Found Naimmaot's Jewellery Boutique.
  4133 | D:4      | Noticed Duvessa
  4133 | D:4      | Noticed Dowan
  4141 | D:4      | Killed Duvessa
  4142 | D:4      | Reached XP level 7. HP: 63/63 MP: 6/6
  4143 | D:4      | Killed Dowan
  4376 | D:5      | Entered Level 5 of the Dungeon
  5290 | D:5      | Reached skill level 5 in Staves
  5688 | D:6      | Reached XP level 8. HP: 69/71 MP: 7/7
  5720 | D:6      | Found a staircase to the Ecumenical Temple.
  5838 | D:6      | Reached skill level 5 in Armour
  6127 | D:6      | Found Usinaph's Weapon Emporium.
  6437 | D:6      | Found an opulent altar of Gozag.
  6479 | D:6      | Found a glowing silver altar of Zin.
  6495 | D:6      | Found a sacrificial altar of Ru.
  6738 | D:7      | Reached *** piety under Trog
  6739 | D:7      | Reached XP level 9. HP: 79/79 MP: 8/8
  6842 | D:7      | Identified the ring "Anofibyf" {Will- MP+9 Str+9}
  7085 | D:7      | Found a blossoming altar of Fedhas.
  7416 | D:8      | Noticed a two-headed ogre
  7425 | D:8      | Killed a two-headed ogre
  7426 | D:8      | Reached skill level 10 in Staves
  7433 | D:8      | Noticed a troll
  7448 | D:8      | Killed a troll
  8082 | D:8      | Reached XP level 10. HP: 79/90 MP: 9/9
  8088 | D:8      | HP: 2/90 [orc warrior/+0 flail (10)]
  8633 | D:8      | Found a stormy altar of Qazlal.
  8949 | D:8      | Found a bloodstained altar of Trog.
  8949 | D:8      | Found an iron altar of Okawaru.
  9635 | D:8      | Found a staircase to the Lair.
  9729 | D:8      | Found a hazy altar of Hepliaklqana.
  9975 | Lair:1   | Entered Level 1 of the Lair of Beasts
 10479 | Lair:1   | Noticed a cane toad
 10486 | Lair:1   | Killed a cane toad
 10487 | Lair:1   | Reached skill level 1 in Axes
 10816 | Lair:2   | Noticed a cane toad
 10816 | Lair:2   | Noticed a cane toad
 10825 | Lair:1   | Killed a cane toad
 10825 | Lair:1   | Killed a cane toad
 10826 | Lair:1   | Reached skill level 10 in Armour
 11301 | Lair:2   | Reached XP level 11. HP: 61/97 MP: 10/10
 11559 | Lair:2   | Reached skill level 5 in Axes
 12004 | Lair:2   | Reached skill level 10 in Fighting
 12140 | Lair:2   | Found a staircase to the Shoals.
 12225 | Lair:2   | Reached skill level 5 in Dodging
 13256 | Lair:2   | Noticed a seven-headed hydra
 13264 | Lair:2   | Killed a ten-headed hydra
 13265 | Lair:2   | Reached skill level 10 in Axes
 13593 | Lair:2   | Noticed a seven-headed hydra
 13600 | Lair:2   | Killed a ten-headed hydra
 14084 | Lair:2   | Reached XP level 12. HP: 105/108 MP: 11/11
 14090 | Lair:2   | Found a hole to the Spider Nest.
 14210 | Lair:3   | Noticed Nergalle
 14233 | Lair:3   | Killed Nergalle
 14316 | Lair:3   | Noticed Kirke
 14319 | Lair:3   | Reached **** piety under Trog
 14360 | Lair:3   | HP: 2/110 [lindwurm/blast of flame[Kirke] (21)]
 14360 | Lair:3   | Slain by a rime drake

Illustrated notes

Levels and vault maps discovered:
D:1:      lemuel_arrival_broad_hall, layout_basic
D:2:      kennysheep_the_goblin_king, layout_loops_ring, serial_shops,
          nicolae_shop_advertising_works [nicolae_subvault_shop_adworks],
          eino_tiny_chamber, minmay_fractal_squares_5, uniq_sigmund,
          uniq_crazy_yiuf_cottage
D:3:      layout_loops_ring, brannock_xom_greatest_gift, st_stairs_5
D:4:      layout_rooms, mainiacjoe_overflow_brackets, cheibriados_altar_1,
          serial_shops, nicolae_stop_n_shop_2, nicolae_square_shop, shop,
          nicolae_shop_trees, uniq_duvessa
D:5:      layout_basic, minivault_26, uniq_ijyb
D:6:      layout_rooms, grunt_gozag_breadcrumbs, minitemple,
          minmay_temple_entry_overgrown, serial_shops, kennysheep_little_box
D:7:      layout_rooms, fedhas_altar_decomposition
D:8:      layout_cave_pools, grunt_temple_overflow_bloody_war,
          nicolae_hepliaklqana_hippocampus, grunt_qazlal_clouds,
          due_lair_maze_entry_diamond
Lair:1:   layout_cellular_growth, serial_bayou_shore_a
Lair:2:   layout_small_grid, elwin_shoals_entry_rocks,
          spider_nest_entry_funnel_web
Lair:3:   layout_loops_ring, minivault_11, uniq_kirke, uniq_nergalle

Skill      XL: |  1  2  3  4  5  6  7  8  9 10 11 12 |
---------------+-------------------------------------+-----
Maces & Flails | 4 5 6 |  6.1
Fighting       | 4 5 6 7 8 9 10 11 | 11.1
Dodging        | 3 4 5 |  5.2
Stealth        | 1 2 3 |  3.0
Staves         | 3 6 8 11 12 | 12.1
Armour         | 3 4 6 7 10 11 12 | 12.1
Axes           | 4 10 11 | 11.1

Action                   |  1- 3 |  4- 6 |  7- 9 | 10-12 || total
-------------------------+-------+-------+-------+-------++-------
Melee: Mace              |    65 |    38 |       |       ||   103
       Headbutt          |     8 |    11 |    31 |    66 ||   116
       Quarterstaff      |       |    71 |   151 |    49 ||   271
       Battleaxe         |       |       |       |   229 ||   229
       Unarmed           |       |       |       |    10 ||    10
Invok: Berserk           |     2 |     6 |     6 |    15 ||    29
  Use: Scroll            |     1 |       |     6 |     2 ||     9
       Potion            |       |       |       |     8 ||     8
 Stab: Paralysed         |       |     1 |       |       ||     1
Armor: Animal skin       |    26 |    26 |       |       ||    52
       Chain mail        |       |    12 |    92 |   196 ||   300
       Leather armour    |       |     6 |       |       ||     6
       Ring mail         |       |     2 |       |       ||     2
Dodge: Dodged            |    42 |    64 |   103 |   178 ||   387
